 Dungeon Crawl Stone Soup version 0.26-a0-8-gc4d20be10f (webtiles) character file.

Game seed: 15266039931504994203, levelgen mode: deterministic

36 Lanoc the Skirmisher (level 3, -3/29 HPs)
             Began as a Formicid Berserker on May 24, 2020.
             Was a Believer of Trog.
             Killed from afar by an orc wizard (6 damage)
             ... with a magic dart
             ... on level 4 of the Dungeon.
             The game lasted 00:01:33 (953 turns).

Lanoc the Skirmisher (Formicid Berserker)            Turns: 953, Time: 00:01:34

Health: -3/29      AC:  3    Str: 21    XL:     3   Next: 57%
Magic:  3/3        EV: 12    Int:  6    God:    Trog [**....]
Gold:   54         SH:  0    Dex: 11    Spells: 2/2 levels left

rFire    . . .     SeeInvis +   a - +0 falchion
rCold    . . .     Gourm    .   (no shield)
rNeg     + . .     Faith    .   b - +0 animal skin
rPois    .         Spirit   .   (helmet unavailable)
rElec    .         Reflect  .   (no cloak)
rCorr    .         Harm     .   (no gloves)
MR       .....                  e - +0 pair of boots
Stlth    +.........             (no amulet)
HPRegen  0.09/turn              m - ring of positive energy
MPRegen  0.08/turn              (no ring)

@: no status effects
A: permanent stasis, dig shafts and tunnels, four strong arms, antennae 3
a: Dig, Shaft Self, Trog's Hand, Renounce Religion


You were on level 4 of the Dungeon.
You worshipped Trog.
Trog was pleased with you.
You were hungry.

You visited 1 branch of the dungeon, and saw 3 of its levels.

You collected 54 gold pieces.

Inventory:

Hand Weapons
 a - a +0 falchion (weapon)
 j - a cursed +0 hunting sling
Missiles
 g - 10 sling bullets
 l - 13 bolts
Armour
 b - a +0 animal skin (worn)
 e - a +0 pair of boots (worn)
Jewellery
 m - a ring of positive energy (left hand)
Scrolls
 d - a scroll of teleportation {unknown}
 i - 2 scrolls of magic mapping {unknown}
 k - a scroll of amnesia {unknown}
Potions
 h - a potion of heal wounds {unknown}
 n - a potion of flight {unknown}
Comestibles
 c - 3 rations


   Skills:
 + Level 3.6 Fighting
 * Level 3.5 Long Blades
 + Level 2.6 Armour
 + Level 2.1 Dodging


You had 2 spell levels left.
You didn't know any spells.
Your spell library was empty.

Dungeon Overview and Level Annotations

Branches:
Dungeon (2/15)

Altars:


Innate Abilities, Weirdness & Mutations

You cannot be hasted, slowed, berserked, paralysed or teleported.
You can dig through walls and to a lower floor.
Your four strong arms can wield two-handed weapons with a shield.
You have a pair of large antennae on your head. (SInv)


Message History

You are feeling hungry.
You begin to dig a shaft.
You continue digging a shaft.
A shaft appears beneath you!
You fall into a shaft and drop 2 floors!
The shaft crumbles and collapses. 3 orcs and an orc wizard come into view.
The orc shouts! x3; The orc wizard shouts!
Found a dagger and 11 gold pieces.
Found a stone staircase leading down.
A giant cockroach comes into view.
The orc throws a boomerang.
The boomerang barely misses you.
The weapon returns to the orc!
The orc wizard casts a spell at you. The puff of flame hits you.
* * * LOW HITPOINT WARNING * * *
The orc throws a boomerang.
The boomerang barely misses you.
The weapon returns to the orc!
The orc wizard casts a spell at you. The magic dart hits you.
You die...

#### ## #...##
#.# ......###
..#
......>.###.#
............#
.......@...#
...........#
..........##
.....s....# #.
.......oo## ##$.
......#..# #....
.....#oo##
#..... ....##..#
#.....#
..##...##o.....#


You could see an orc wizard, 3 orcs and a giant cockroach.

Vanquished Creatures
  A worm (D:2)
  2 dart slugs (D:1)
  A leopard gecko (D:1)
  4 giant cockroaches
  2 hobgoblins
  4 jackals (D:2)
  3 bats
  A frilled lizard (D:2)
  2 goblins (D:1)
  2 kobolds (D:1)
  4 rats
26 creatures vanquished.

Vanquished Creatures (others)
  A kobold (D:1)
1 creature vanquished.

Grand Total: 27 creatures vanquished

Notes
Turn   | Place    | Note
-------+----------+-------------------------------------------
     0 | D:1      | Lanoc the Formicid Berserker began the quest for the Orb.
     0 | D:1      | Reached XP level 1. HP: 18/18 MP: 1/1
   151 | D:1      | Reached XP level 2. HP: 19/24 MP: 2/2
   417 | D:2      | Reached XP level 3. HP: 29/29 MP: 3/3
   608 | D:2      | Reached ** piety under Trog
   943 | D:2      | You fall into a shaft and drop 2 floors!
   953 | D:4      | Killed from afar by an orc wizard

Illustrated notes

Levels and vault maps discovered:
D:1:      onia_arrival_pentagram, layout_rooms, nrook_campfire
D:2:      layout_basic, lemuel_statue_altar
D:4:      layout_cave_pods, uniq_pikel

Skill      XL: |  1  2 |
---------------+-------+-----
Dodging        | 2 |  2.1
Fighting       | |  3.6
Long Blades    | |  3.5
Armour         | |  2.6

Action                   || total
-------------------------++-------
Melee: Falchion          ||    66
 Abil: Shaft Self        ||     1
 Stab: Sleeping          ||     1
Armor: Animal skin       ||    23
Dodge: Dodged            ||    58
       Rpst.: Falchion   ||    21

Table legend:
 A = Non-vault XP
 B = Vault XP
 C = Vault XP percentage of total XP
 D = Non-vault monster count
 E = Vault monster count
 F = Vault count percentage of total count
                 A         B        C        D         E       F
            +---------+---------+-------+---------+---------+-------
      Total |      52 |       0 |   0.0 |      26 |       0 |   0.0
            +---------+---------+-------+---------+---------+-------
        D:1 |      27 |       0 |   0.0 |      13 |       0 |   0.0
        D:2 |      25 |       0 |   0.0 |      13 |       0 |   0.0
            +---------+---------+-------+---------+---------+-------
